 Dungeon Crawl Stone Soup version 0.19.5 (webtiles) character file.

62590 tidbits the Carver (level 14, -10/108 HPs)
             Began as a High Elf Assassin on Dec 12, 2017.
             Was a Priest of Cheibriados.
             Killed from afar by a merfolk aquamancer (29 damage)
             ... with a great wave of water
             ... on level 4 of the Shoals.
             The game lasted 02:30:21 (10833 turns).

tidbits the Carver (High Elf Assassin)             Turns: 10833, Time: 02:30:23

Health: -10/108    AC: 11    Str: 21    XL:     14   Next: 64%
Magic:  8/21       EV: 24    Int: 26    God:    Cheibriados [***...]
Gold:   761        SH:  0    Dex: 27    Spells: 2 memorised, 13 levels left

rFire  . . .     SeeInvis .     h - +3 scimitar (flame)
rCold  . . .     Gourm    .     B - +2 troll leather armour
rNeg   . . .     Faith    .     (no shield)
rPois  .         Spirit   .     N - +0 hat {MR+}
rElec  .         Reflect  .     C - +2 cloak
rCorr  +         Harm     .     (no gloves)
MR     ++...                    F - +1 pair of boots
Stlth  +++.......               (no amulet)
                                K - ring of resist corrosion
                                e - ring of flight

@: about to teleport, engulfed (cannot breathe), flying, mesmerised, very
slightly contaminated, very slow
A: agile 1, low mp 1, robust 1
a: Bend Time, Temporal Distortion, Renounce Religion, Stop Flying


You were on level 4 of the Shoals.
You worshipped Cheibriados.
Cheibriados was most pleased with you.
You were hungry.

You visited 5 branches of the dungeon, and saw 26 of its levels.
You visited 1 bazaar.

You collected 1205 gold pieces.
You spent 444 gold pieces at shops.

Inventory:

Hand Weapons
 a - the +3 great sword of the Sugar Beet {holy, Int+2}
   (You found it on level 5 of the Lair of Beasts)

   It has been blessed by the Shining One to cause great damage to the undead
   and demons.
   It affects your intelligence (+2).
 b - a +1 longbow of flaming
   (You took it off Nessos on level 12 of the Dungeon)
 g - a +0 blowgun
 h - a +3 scimitar of flaming (weapon)
   (You took it off an efreet on level 13 of the Dungeon)
 i - a +0 dagger of venom
   (You took it off an orc wizard on level 1 of the Orcish Mines)
 D - a +0 scythe
   (You took it off Sigmund on level 6 of the Dungeon)
 X - a +1 short sword of distortion
   (You took it off Sonja on level 12 of the Dungeon)
Missiles
 n - 20 javelins (quivered)
 o - 6 javelins of returning
 p - 3 throwing nets {!f}
 q - 193 arrows
 Y - 8 curare-tipped needles
Armour
 B - a +2 troll leather armour (worn)
   (You found it on level 12 of the Dungeon)
 C - a +2 cloak (worn)
 E - a +2 hat of see invisible
   (You found it on level 1 of the Dungeon)
 F - a +1 pair of boots (worn)
   (You found it on level 5 of the Dungeon)
 G - the +5 leather armour of Hedonism {rC+ Str+5}
   (You found it on level 2 of the Lair of Beasts)

   It affects your strength (+5).
   It protects you from cold.
 N - a +0 hat of magic resistance (worn)
   (You took it off Gastronok on level 2 of the Lair of Beasts)
Jewellery
 e - a ring of flight (left hand)
   (You found it on level 6 of the Lair of Beasts)
 m - an uncursed ring of magical power
   (You found it on level 1 of the Shoals)
 K - a ring of resist corrosion (right hand)
   (You found it on level 1 of the Dungeon)
 M - an uncursed ring of see invisible
   (You found it on level 6 of the Dungeon)
Wands
 c - a wand of acid (3/15)
   (You bought it in a shop in a bazaar)
 j - a wand of enslavement (4/24)
   (You found it on level 4 of the Lair of Beasts)
 k - a wand of disintegration (5/24)
   (You found it on level 5 of the Lair of Beasts)
 x - a wand of iceblast (0/15)
   (You found it on level 4 of the Lair of Beasts)
 z - a wand of confusion (14/48)
   (You found it on level 4 of the Dungeon)
Scrolls
 d - a scroll of noise {unknown}
 r - 4 scrolls of remove curse
 s - 3 scrolls of magic mapping
 u - a scroll of enchant weapon
 v - 2 scrolls of amnesia {unknown}
 w - a scroll of brand weapon {unknown}
 y - 3 scrolls of fog
 O - a scroll of immolation
 T - 2 scrolls of blinking {unknown}
 U - a scroll of fear {unknown}
Potions
 f - 2 potions of brilliance {unknown}
 l - a potion of magic {unknown}
 t - 2 potions of mutation {!q}
 A - a potion of ambrosia
 I - 2 potions of flight
 P - 3 potions of might
 R - a potion of cancellation
 S - 2 potions of curing
 V - a potion of lignification {unknown}
Books
 W - a book of Clouds
   (You found it on level 12 of the Dungeon)

   Spells                             Type                      Level
   a - Mephitic Cloud                 Conjuration/Poison/Air       3
   b - Conjure Flame                  Conjuration/Fire             3
   c - Poisonous Cloud                Conjuration/Poison/Air       6
   d - Freezing Cloud                 Conjuration/Ice/Air          6
   e - Ring of Flames                 Charms/Fire                  7
 Z - a book of Callings
   (You found it on level 2 of the Lair of Beasts)

   Spells                             Type                      Level
   a - Summon Small Mammal            Summoning                    1
   b - Call Imp                       Summoning                    2
   c - Call Canine Familiar           Summoning                    3
   d - Summon Guardian Golem          Hexes/Summoning              3
   e - Summon Lightning Spire         Summoning/Air                4
   f - Summon Ice Beast               Ice/Summoning                4
Miscellaneous
 Q - a box of beasts
Comestibles
 H - 14 bread rations
 J - 9 meat rations


   Skills:
 + Level 10.4 Fighting
 - Level 2.4(9.6) Short Blades
 - Level 14.0(14.1) Long Blades
 - Level 11.4 Bows
 - Level 2.0 Throwing
 + Level 11.4 Dodging
 - Level 4.3 Stealth
 - Level 3.5 Spellcasting
 - Level 3.5 Conjurations
 - Level 4.3 Summonings
 - Level 7.2 Air Magic
 - Level 12.3 Invocations
 - Level 6.3 Evocations


You had 13 spell levels left.
You knew the following spells:

 Your Spells              Type           Power        Failure   Level  Hunger
m - Mephitic Cloud        Conj/Pois/Air  ###.....     10%         3    ##.....
L - Summon Lightning Spi  Summ/Air       ####....     12%         4    ####...


Dungeon Overview and Level Annotations

Branches:
Dungeon (13/15)            Temple (1/1) D:6            Lair (6/6) D:11
 Shoals (4/4) Lair:2       Spider (0/4) Lair:2        Slime (0/5) Lair:5
    Orc (2/2) D:12            Elf (0/3) Orc:2
 Vaults: D:13-14

Altars:
Ashenzari
Cheibriados
Dithmenos
Fedhas
Gozag
Hepliaklqana
Kikubaaqudgha
Makhleb
Nemelex Xobeh
Okawaru
Qazlal
Ru
Sif Muna
Trog
Uskayaw
Vehumet
Xom
Yredelemnul
Jiyva

Shops:
D:5 %   D:7 =   D:11 %

Portals:
Trove: D:10 (give wand of hasting (9))

Annotations:
D:2 exclusion: downstairs
D:5 tidbits's ghost, novice HEAs
D:6 1 runed door
D:7 Dowan
D:9 exclusion: boggart
D:10 exclusion: two-headed ogre, Josephine
D:12 exclusion: downstairs
D:13 Frances
Lair:4 exclusion: downstairs
Orc:2 Xiguana's ghost, journeyman SpAM


Innate Abilities, Weirdness & Mutations

You are agile. (Dex +2)
Your magical capacity is low. (-10% MP)
You are robust. (+10% HP)


Message History

The merfolk hits you but does no damage.
The water elemental completely misses you.
Evoke which item? (* to show all) (? for menu, Esc to quit)
Zapping:
c - a wand of acid (4/15)
Press: ? - help, Shift-Dir - straight line, f - merfolk
Aim: a merfolk, wielding a trident The bolt of acid hits the merfolk aquamancer.
The merfolk aquamancer is splashed with acid.
The merfolk aquamancer is moderately wounded.
The bolt of acid misses the merfolk.
This wand has 3 charges left.
The siren chants a haunting song.
You resist with almost no effort.
The merfolk hits you but does no damage.
The merfolk aquamancer casts a spell at you.
The great wave of water hits you!
You are knocked back by the great wave of water.
The wave splashes down.
The water elemental completely misses you.
You hear an angry hiss.
You hear a shout! x4; You hear a screech!
You hear an angry hiss.
You hear a shout! x2; You hear an angry hiss.
You hear a shout! x5
Unknown command.
Evoke which item? (* to show all) (? for menu, Esc to quit)
Zapping:
c - a wand of acid (3/15)
Press: ? - help, Shift-Dir - straight line, p - merfolk
Okay, then.
Wield which item (- for none, * to show all)? (? for menu, Esc to quit)
Your +1 longbow of flaming stops flaming.
Your +3 scimitar of flaming bursts into flame!
h - a +3 scimitar of flaming (weapon)
The water elemental barely misses you.
You riposte.
You hit the water elemental. You burn the water elemental.
The water elemental is lightly damaged.
You hit the water elemental but do no damage.
The water elemental misses you.
The siren chants a haunting song.
You resist with almost no effort.
You hit the water elemental but do no damage.
The water elemental misses you. The merfolk misses you.
You slash the water elemental! You burn the water elemental.
The water elemental is moderately damaged.
The merfolk aquamancer is no longer moving slowly.
The water elemental barely misses you. The flow of time bends around you.
Cheibriados rebukes the merfolk aquamancer.
The merfolk aquamancer seems to slow down.
Cheibriados rebukes the water elemental.
The water elemental seems to slow down.
You are feeling hungry.
The merfolk hits you from afar with a trident!!
* * * LOW HITPOINT WARNING * * *
The water elemental hits your lightning spire.
The water elemental barely misses you.
You riposte.
You slash the water elemental! You burn the water elemental!
The water elemental is almost destroyed.
The siren chants a haunting song.
You are mesmerised by the siren!
You slash the water elemental! You burn the water elemental.
You destroy the water elemental!
Cheibriados appreciates the change of pace.
The merfolk hits you from afar with a trident!
* * * LOW HITPOINT WARNING * * *
The merfolk aquamancer hits you with a rapier of electrocution!
* * * LOW HITPOINT WARNING * * *
The siren chants its luring song.
You closely miss the merfolk aquamancer.
The merfolk aquamancer is moderately wounded.
The water elemental hits you.
The merfolk hits you from afar with a trident.
* * * LOW HITPOINT WARNING * * *
As you read the scroll of teleportation, it crumbles to dust.
You feel strangely unstable.
The siren chants its luring song.
The water elemental completely misses you.
The merfolk aquamancer casts a spell at you.
The shard of ice misses you.
A poisoned javelin appears from out of your range of vision.
The poisoned javelin hits your lightning spire!!
Your lightning spire is destroyed!
You hear a splash.
The merfolk completely misses you.
You slash the merfolk aquamancer! You burn the merfolk aquamancer!
The merfolk aquamancer is severely wounded.
The siren chants its luring song.
You barely miss the merfolk aquamancer.
The merfolk aquamancer is severely wounded.
The water elemental hits you.
* * * LOW HITPOINT WARNING * * *
The water elemental engulfs you in water!
The merfolk misses you.
The siren chants its luring song.
Unknown command.
Unknown command.
You hit the merfolk aquamancer but do no damage.
The merfolk aquamancer is severely wounded.
* * * LOW HITPOINT WARNING * * *
Your lungs strain for air!
The merfolk aquamancer casts a spell at you.
The great wave of water hits you!
You die...

.... #≈.#.#.###.....≈≈≈≈
... #≈.=.≈.#≈..≈≈≈≈≈≈≈
.... ##≈#.#.###.≈≈≈≈≈≈≈≈
..... #≈≈≈≈...##≈≈≈≈≈≈≈≈≈
..m..##≈≈#≈≈≈≈#≈≈≈≈≈≈≈≈≈≈
..?.≈≈≈#######≈≈≈≈≈≈≈≈≈≈≈
..$.≈≈m#≈#≈###≈≈≈≈≈≈≈≈≈≈≈
.#.≈≈≈m≈≈≈≈≈≈≈≈≈≈≈≈≈≈≈≈≈
....≈≈(E@≈≈...≈≈≈≈≈≈≈≈≈≈≈
##.≈≈≈≈≈≈≈.....†≈≈≈≈≈≈≈≈≈
...≈≈≈≈≈≈≈......≈≈≈≈≈≈≈≈≈
..≈≈≈≈≈≈≈≈...(..≈≈≈≈≈≈≈≈≈
≈≈≈≈≈≈≈≈≈≈≈.....≈≈≈≈≈≈≈≈≈
≈≈≈≈≈≈≈≈≈≈≈.......≈≈≈≈≈≈≈
≈≈≈≈≈≈≈≈≈≈≈≈.......≈≈≈≈≈≈
≈≈≈≈≈≈≈≈(≈≈≈...≈≈≈≈≈≈≈≈≈
≈≈≈≈≈≈≈≈≈≈≈≈≈≈≈≈≈≈≈≈≈


You could see a merfolk aquamancer, a merfolk, a water elemental and a siren.

Vanquished Creatures
  Gastronok (Lair:2)
  Louise (Shoals:2)
  Nessos (D:12)
  2 merfolk javelineers
  2 merfolk impalers (Shoals:3)
  7 hydras
  A centaur warrior (D:13)
  A merfolk avatar (Shoals:2)
  2 alligator snapping turtles
  A death yak (Lair:4)
  Urug (Lair:5)
  Sonja (D:12)
  2 unseen horrors
  8 sea snakes
  4 harpies (Shoals:2)
  3 hill giants
  A necromancer (Lair:6)
  11 fauns (Shoals:2)
  A manticore (Shoals:3)
  3 cyclopes
  An elephant (Lair:6)
  4 sirens
  A black mamba (Lair:6)
  A water nymph (Shoals:3)
  A torpor snail (Lair:6)
  4 centaur skeletons
  7 spiny frogs
  4 rime drakes
  2 komodo dragons
  An efreet (D:13)
  2 polar bears
  2 trolls (D:12)
  A hornet (D:9)
  A two-headed ogre (D:12)
  10 merfolk
  9 hippogriffs
  11 blink frogs
  5 snapping turtles
  Prince Ribbit (D:7)
  3 dream sheep (Shoals:1)
  3 wind drakes
  Sigmund (D:6)
  A wyvern (D:12)
  4 water elementals
  37 yaks
  A spriggan (D:9)
  2 vampires
  3 basilisks
  4 vampire mosquitoes (D:11)
  A hungry ghost (D:12)
  2 steam dragons (D:12)
  A soldier ant (D:11)
  4 porcupines
  Duvessa (D:7)
  9 water moccasins
  A sky beast (D:10)
  7 orc warriors
  A phantom (D:8)
  3 ice beasts
  2 ogres (D:5)
  10 wolves
  2 black bears
  A boggart (Lair:6)
  7 crocodiles
  8 centaurs
  A big kobold (D:10)
  A wyvern zombie (D:13)
  10 bullfrogs
  2 scorpions
  A killer bee (D:12)
  5 howler monkeys
  2 electric eels (Lair:3)
  2 centaur zombies
  2 crimson imps
  2 bullfrog zombies
  4 hounds
  5 jellies
  A gnoll shaman (D:7)
  7 orc priests
  7 orc wizards
  2 iguanas
  Terence (D:3)
  A bullfrog skeleton (D:13)
  4 worker ants
  3 polar bear simulacra (Lair:6)
  3 yak simulacra (Lair:6)
  3 wolf simulacra (Lair:6)
  A hound skeleton (D:10)
  2 worker ant zombies
  Robin (D:3)
  9 gnolls
  6 adders
  3 river rats (D:11)
  3 shadow imps
  2 oozes
  2 worms
  3 leopard geckos
  30 orcs
  3 giant cockroaches
  12 goblins
  7 hobgoblins
  9 jackals
  10 kobolds
  2 ball pythons
  13 bats
  2 frilled lizards
  A goblin skeleton (D:6)
  A jackal skeleton (D:3)
  A jackal zombie (D:6)
  A kobold zombie (D:6)
  3 quokka skeletons (D:4)
  15 rats
  2 river rat simulacra (Lair:6)
454 creatures vanquished.

Vanquished Creatures (collateral kills)
  A satyr (Shoals:2)
  2 manticores (Shoals:4)
  A water moccasin (Shoals:2)
4 creatures vanquished.

Vanquished Creatures (others)
  A sea snake (Shoals:1)
  A water moccasin (Shoals:2)
  18 fungi
20 creatures vanquished.

Grand Total: 478 creatures vanquished

Notes
Turn   | Place    | Note
-------+----------+-------------------------------------------
     0 | D:1      | tidbits the High Elf Assassin began the quest for the Orb.
     0 | D:1      | Reached XP level 1. HP: 14/14 MP: 2/2
   136 | D:2      | Found a sparkling altar of Nemelex Xobeh.
   142 | D:2      | Reached XP level 2. HP: 17/20 MP: 3/3
   193 | D:1      | Reached skill level 2 in Dodging
   595 | D:2      | Reached XP level 3. HP: 25/25 MP: 4/4
   608 | D:3      | Noticed Robin
   608 | D:3      | Noticed Terence
   864 | D:3      | Reached skill level 3 in Dodging
   928 | D:3      | Killed Robin
   928 | D:3      | Reached skill level 3 in Fighting
  1044 | D:3      | Reached XP level 4. HP: 24/31 MP: 5/5
  1276 | D:3      | Killed Terence
  1276 | D:3      | Reached skill level 4 in Dodging
  1426 | D:5      | Entered Level 5 of the Dungeon
  1459 | D:5      | Noticed an ogre
  1464 | D:5      | Reached XP level 5. HP: 26/36 MP: 6/6
  1486 | D:5      | Killed an ogre
  1486 | D:5      | Reached skill level 4 in Fighting
  1574 | D:5      | Reached skill level 5 in Dodging
  1599 | D:5      | Noticed an ogre
  1631 | D:5      | Killed an ogre
  1631 | D:5      | Reached XP level 6. HP: 44/44 MP: 7/7
  1686 | D:5      | Found Oma Ytek's Food Boutique.
  1789 | D:4      | Reached skill level 5 in Fighting
  2018 | D:5      | Noticed an ice beast
  2019 | D:5      | Reached skill level 6 in Dodging
  2041 | D:5      | Reached XP level 7. HP: 46/50 MP: 8/8
  2195 | D:5      | Noticed tidbits's ghost (novice HEAs)
  2314 | D:4      | Found a deep blue altar of Sif Muna.
  2506 | D:6      | Found a runed door.
  2506 | D:6      | Noticed a human
  2513 | D:6      | Found a basalt altar of Yredelemnul.
  2661 | D:5      | Found a blossoming altar of Fedhas.
  2688 | D:5      | Reached skill level 1 in Bows
  2721 | D:5      | Reached skill level 3 in Bows
  2821 | D:7      | Reached skill level 4 in Bows
  2847 | D:7      | Noticed Prince Ribbit
  2854 | D:7      | Reached skill level 5 in Bows
  2866 | D:7      | Reached skill level 6 in Bows
  2872 | D:7      | Killed Prince Ribbit
  2872 | D:7      | Reached skill level 7 in Bows
  2872 | D:7      | Reached XP level 8. HP: 22/56 MP: 9/9
  2884 | D:7      | Found Wilatej's Jewellery Shoppe.
  3023 | D:6      | Noticed Sigmund
  3028 | D:6      | Found a staircase to the Ecumenical Temple.
  3045 | D:6      | Killed Sigmund
  3057 | Temple   | Entered the Ecumenical Temple
  3156 | Temple   | Became a worshipper of Cheibriados the Contemplative
  3269 | D:7      | Reached skill level 6 in Fighting
  3344 | D:7      | Noticed Dowan
  3434 | D:8      | Reached skill level 7 in Dodging
  3481 | D:8      | Reached skill level 1 in Long Blades
  3531 | D:8      | Reached skill level 2 in Long Blades
  3607 | D:8      | Reached skill level 3 in Long Blades
  3615 | D:8      | Reached skill level 4 in Long Blades
  3684 | D:8      | Reached skill level 5 in Long Blades
  3750 | D:8      | Reached XP level 9. HP: 46/62 MP: 10/10
  3904 | D:7      | Noticed Duvessa
  3925 | D:7      | Killed Duvessa
  3925 | D:7      | Reached skill level 6 in Long Blades
  4056 | D:9      | Reached * piety under Cheibriados
  4077 | D:9      | Reached skill level 7 in Long Blades
  4204 | D:9      | Reached skill level 8 in Long Blades
  4233 | D:9      | Found a burning altar of Makhleb.
  4267 | D:10     | Entered Level 10 of the Dungeon
  4306 | D:10     | Noticed an unseen horror
  4328 | D:10     | Killed an unseen horror
  4328 | D:10     | Reached skill level 10 in Long Blades
  4349 | D:10     | Noticed Josephine
  4412 | D:10     | Gained mutation: You are robust. (+10% HP) [potion of mutation]
  4412 | D:10     | Gained mutation: Your magical capacity is low. (-10% MP) [potion of mutation]
  4412 | D:10     | Gained mutation: You are agile. (Dex +2) [potion of mutation]
  4449 | D:10     | Reached skill level 1 in Invocations
  4480 | D:10     | Reached skill level 2 in Invocations
  4607 | D:9      | Found a shattered altar of Ashenzari.
  4635 | D:10     | Reached skill level 3 in Invocations
  4635 | D:10     | Reached XP level 10. HP: 53/74 MP: 8/12
  4710 | D:10     | Found a portal to a secret trove of treasure.
  4759 | D:10     | Reached skill level 11 in Long Blades
  4759 | D:10     | Reached skill level 4 in Invocations
  4787 | D:10     | Reached ** piety under Cheibriados
  4931 | D:11     | Noticed a cyclops
  4946 | D:11     | Killed a cyclops
  5037 | D:11     | Reached skill level 5 in Invocations
  5040 | D:11     | Found Taboduff's Food Shop.
  5295 | D:11     | Reached skill level 6 in Invocations
  5317 | D:11     | Reached skill level 12 in Long Blades
  5485 | D:11     | Reached *** piety under Cheibriados
  5525 | D:11     | Noticed a hill giant
  5540 | D:11     | Killed a hill giant
  5540 | D:11     | Reached skill level 7 in Invocations
  5580 | D:11     | Found a staircase to the Lair.
  5596 | Lair:1   | Entered Level 1 of the Lair of Beasts
  5748 | D:12     | Reached XP level 11. HP: 69/79 MP: 12/16
  5874 | D:13     | Noticed a hill giant
  5878 | D:13     | Noticed a centaur warrior
  5890 | D:13     | Killed a hill giant
  5890 | D:13     | Reached skill level 13 in Long Blades
  5908 | D:13     | Killed a centaur warrior
  5912 | D:13     | HP: 8/81 [efreet/scimitar of flaming (1)]
  5919 | D:13     | Reached skill level 7 in Fighting
  6028 | D:12     | Found a staircase to the Orcish Mines.
  6051 | D:12     | Reached skill level 8 in Dodging
  6338 | D:12     | Noticed a hill giant
  6421 | D:12     | Killed a hill giant
  6427 | D:12     | Noticed Sonja
  6443 | D:12     | Killed Sonja
  6477 | D:12     | Reached **** piety under Cheibriados
  6503 | D:12     | Noticed an unseen horror
  6510 | D:12     | Killed an unseen horror
  6510 | D:12     | Reached skill level 8 in Fighting
  6510 | D:12     | Reached skill level 9 in Dodging
  6583 | D:12     | Reached skill level 14 in Long Blades
  6626 | Orc:1    | Entered Level 1 of the Orcish Mines
  6641 | Orc:1    | Learned a level 3 spell: Mephitic Cloud
  6742 | Orc:2    | Entered Level 2 of the Orcish Mines
  6753 | Orc:2    | Noticed Xiguana's ghost (journeyman SpAM)
  6787 | D:13     | Noticed Frances
  6809 | D:12     | Noticed Nessos
  6824 | D:12     | Killed Nessos
  6824 | D:12     | Reached skill level 2 in Spellcasting
  6824 | D:12     | Reached skill level 1 in Conjurations
  6824 | D:12     | Reached skill level 2 in Air Magic
  6824 | D:12     | Reached XP level 12. HP: 92/92 MP: 13/17
  6898 | Lair:1   | Reached skill level 2 in Conjurations
  6925 | Lair:1   | Reached skill level 3 in Air Magic
  6970 | Lair:1   | Reached skill level 3 in Spellcasting
  7016 | Lair:1   | Reached skill level 3 in Conjurations
  7122 | Lair:2   | Found a staircase to the Shoals.
  7126 | Lair:2   | Reached skill level 4 in Air Magic
  7141 | Lair:2   | Got a distressingly furry leather armour
  7152 | Lair:2   | Identified the +5 leather armour of Hedonism {rC+ Str+5} (You found it on level 2 of the Lair of Beasts)
  7200 | Lair:2   | Noticed Gastronok
  7214 | Lair:2   | Killed Gastronok
  7214 | Lair:2   | Reached skill level 9 in Bows
  7312 | Lair:3   | Reached ***** piety under Cheibriados
  7317 | Lair:3   | Reached skill level 10 in Bows
  7480 | Lair:2   | Reached skill level 11 in Bows
  7570 | Lair:4   | Reached skill level 8 in Invocations
  7650 | Lair:4   | Noticed an eight-headed hydra
  7653 | Lair:4   | Killed an eight-headed hydra
  7688 | Lair:5   | Reached skill level 9 in Invocations
  7704 | Lair:5   | Noticed a seven-headed hydra
  7710 | Lair:5   | Killed a seven-headed hydra
  7756 | Lair:5   | Noticed Urug
  7782 | Lair:5   | Killed Urug
  7783 | Lair:5   | Got an encrusted great sword
  7784 | Lair:5   | Identified the +3 great sword of the Sugar Beet {holy, Int+2} (You found it on level 5 of the Lair of Beasts)
  7817 | Lair:5   | Noticed a six-headed hydra
  7822 | Lair:5   | Killed a six-headed hydra
  7822 | Lair:5   | Reached skill level 10 in Invocations
  7833 | Lair:6   | Entered Level 6 of the Lair of Beasts
  7882 | Lair:6   | Reached XP level 13. HP: 97/97 MP: 19/19
  7991 | Lair:6   | Reached skill level 11 in Invocations
  8181 | Lair:6   | Reached skill level 12 in Invocations
  8208 | Lair:6   | HP: 6/97 [spriggan rider/spear (21)]
  8258 | Lair:5   | Found a viscous altar of Jiyva.
  8258 | Lair:5   | Found a staircase to the Slime Pits.
  8517 | Lair:4   | Reached skill level 9 in Fighting
  8549 | Lair:4   | Reached skill level 10 in Dodging
  9052 | Lair:2   | Found a hole to the Spider Nest.
  9079 | Lair:2   | Learned a level 4 spell: Summon Lightning Spire
  9139 | Shoals:1 | Entered Level 1 of the Shoals
  9191 | Shoals:1 | Noticed a merfolk javelineer
  9201 | Shoals:1 | Killed a merfolk javelineer
  9201 | Shoals:1 | Reached skill level 1 in Summonings
  9201 | Shoals:1 | Reached skill level 1 in Evocations
  9210 | Shoals:1 | Found a flickering gateway to a bazaar.
  9242 | Bazaar   | Entered a bazaar
  9244 | Bazaar   | Found Imynoera's Assorted Antiques.
  9248 | Bazaar   | Found Kioleuj's Armour Boutique.
  9248 | Bazaar   | Found Foemavop's Weapon Boutique.
  9249 | Bazaar   | Found Dealun's Distillery.
  9253 | Bazaar   | Bought a potion of degeneration for 12 gold pieces
  9275 | Bazaar   | Bought a potion of curing for 36 gold pieces
  9275 | Bazaar   | Bought a potion of might for 48 gold pieces
  9275 | Bazaar   | Bought a potion of ambrosia for 96 gold pieces
  9275 | Bazaar   | Bought a potion of curing for 36 gold pieces
  9275 | Bazaar   | Bought a potion of curing for 36 gold pieces
  9280 | Bazaar   | Bought a jewelled fluorescent wand for 120 gold pieces
  9280 | Bazaar   | Bought a scroll of identify for 60 gold pieces
  9470 | Shoals:1 | Reached skill level 2 in Evocations
  9507 | Shoals:1 | Reached skill level 5 in Air Magic
  9531 | Shoals:1 | Reached skill level 2 in Summonings
  9718 | Shoals:1 | Reached skill level 3 in Evocations
  9718 | Shoals:1 | Reached XP level 14. HP: 99/107 MP: 21/21
  9741 | Shoals:1 | Reached skill level 3 in Summonings
  9776 | Shoals:2 | Reached skill level 6 in Air Magic
  9791 | Shoals:2 | Noticed Louise
  9826 | Shoals:2 | Killed Louise
  9861 | Shoals:2 | Reached skill level 4 in Evocations
  9891 | Shoals:2 | Reached skill level 4 in Summonings
  9908 | Shoals:2 | Reached skill level 7 in Air Magic
  9914 | Shoals:2 | HP: 6/107 [merfolk/trident (13)]
 10005 | Shoals:2 | HP: 1/107 [alligator snapping turtle (42)]
 10102 | Shoals:2 | Reached skill level 5 in Evocations
 10320 | Shoals:3 | Reached skill level 10 in Fighting
 10411 | Shoals:3 | Reached skill level 11 in Dodging
 10503 | Shoals:4 | Entered Level 4 of the Shoals
 10681 | Shoals:4 | Reached skill level 6 in Evocations
 10833 | Shoals:4 | Killed from afar by a merfolk aquamancer

Skill      XL: |  1  2  3  4  5  6  7  8  9 10 11 12 13 14 |
---------------+-------------------------------------------+-----
Dodging        | 2 3 4 5 6 7 9 10 11 | 11.4
Fighting       | 3 4 5 6 8 9 10 | 10.4
Bows           | 7 11 | 11.4
Long Blades    | 5 10 12 14 | 14.0
Invocations    | 3 7 10 12 | 12.3
Spellcasting   | 2 3 |  3.5
Conjurations   | 1 3 |  3.5
Air Magic      | 2 4 5 7 |  7.2
Summonings     | 2 4 |  4.3
Evocations     | 3 6 |  6.3
Short Blades   | |  2.4
Throwing       | |  2.0
Stealth        | |  4.3

Action                   |  1- 3 |  4- 6 |  7- 9 | 10-12 | 13-15 || total
-------------------------+-------+-------+-------+-------+-------++-------
Melee: Dagger            |    67 |    77 |   140 |     3 |     8 ||   295
       Whip              |       |       |    85 |       |       ||    85
       Scimitar          |       |       |    42 |   420 |   284 ||   746
       Great sword       |       |       |       |     9 |    29 ||    38
 Fire: Blowgun           |    54 |    65 |     8 |    30 |     4 ||   161
       Shortbow          |       |       |   179 |    88 |       ||   267
       Longbow           |       |       |       |   115 |   230 ||   345
Throw: Stone             |     2 |     1 |       |     3 |       ||     6
       Throwing net      |       |       |     1 |       |       ||     1
       Javelin           |       |       |       |       |     2 ||     2
 Cast: Summon Lightning  |       |       |       |       |    10 ||    10
       Mephitic Cloud    |       |       |       |       |     4 ||     4
Invok: Bend Time         |       |       |     1 |    16 |    17 ||    34
       Temporal Distorti |       |       |       |     1 |     2 ||     3
       Slouch            |       |       |       |       |     8 ||     8
       Step From Time    |       |       |       |       |     1 ||     1
 Abil: Evoke Flight      |       |       |       |       |    11 ||    11
Evoke: Wand              |       |       |     8 |     8 |    40 ||    56
       Box of beasts     |       |       |       |       |     1 ||     1
       Phantom mirror    |       |       |       |       |     1 ||     1
  Use: Scroll            |       |     7 |     4 |    11 |    11 ||    33
       Potion            |       |     1 |     7 |     3 |    10 ||    21
 Stab: Sleeping          |     3 |     3 |     2 |     2 |     4 ||    14
       Invisible         |       |       |     4 |     1 |       ||     5
       Distracted        |       |       |     1 |       |     3 ||     4
       Confused          |       |       |     2 |     3 |     3 ||     8
  Eat: Chunk             |       |     2 |     6 |     5 |     2 ||    15
       Pizza             |       |     1 |       |       |     2 ||     3
       Royal jelly       |       |       |     1 |       |       ||     1
       Fruit             |       |       |       |     4 |       ||     4
       Beef jerky        |       |       |       |       |     5 ||     5
Armor: Robe              |    12 |    22 |    36 |       |       ||    70
       Ring mail         |       |       |    38 |    32 |       ||    70
       Steam dragon scal |       |       |       |    29 |       ||    29
       Troll leather arm |       |       |       |     7 |    68 ||    75
       Leather armour    |       |       |       |     8 |       ||     8
Dodge: Dodged            |    36 |    52 |   209 |   374 |   408 ||  1079
       Rpst.: Scimitar   |       |       |     2 |    92 |    48 ||   142
       Great sword       |       |       |       |     4 |     8 ||    12

Table legend:
 A = Turns spent in this place as a percentage of turns spent in the entire game.
 B = Non-inter-level travel turns spent in this place as a percentage of non-inter-level travel turns spent in the entire game.
 C = Inter-level travel turns spent in this place as a percentage of turns spent in this place.
 D = Turns resting spent in this place as a percentage of non-inter-level travel turns spent in this place.
 E = Turns spent auto-exploring this place as a percentage of non-inter-level travel turns spent in this place.
 F = Non-inter-level travel turns spent in this place divided by the number of levels of this place that you've seen.
                   A       B       C       D       E      F
               +-------+-------+-------+-------+-------+----------------------
         Total | 100.0 | 100.0 |   0.1 |   0.0 |   0.1 | 381.9
       Dungeon |  59.7 |  59.8 |   0.1 |   0.0 |   0.0 | 473.9
        Temple |   0.2 |   0.2 |  10.0 |   0.0 |  33.3 |  18.0
          Lair |  21.4 |  21.4 |   0.0 |   0.0 |   0.0 | 368.0
        Shoals |  16.1 |  16.1 |   0.1 |   0.0 |   0.0 | 415.0
  Orcish Mines |   1.6 |   1.6 |   0.0 |   0.0 |   0.0 |  82.0
        Bazaar |   1.0 |   1.0 |   0.0 |   0.0 |   0.0 |  99.0
               +-------+-------+-------+-------+-------+----------------------

Table legend:
 A = Kills in this place as a percentage of kills in entire the game.
 B = Kills by you in this place as a percentage of kills by you in the entire game.
 C = Kills by friends in this place as a percentage of kills by friends in the entire game.
 D = Other kills in this place as a percentage of other kills in the entire game.
 E = Experience gained in this place as a percentage of experience gained in the entire game.
 F = Experience gained in this place divided by the number of levels of this place that you have seen.
                   A       B       C       D       E      F
               +-------+-------+-------+-------+-------+----------------------
         Total | 100.0 | 100.0 | 100.0 | 100.0 | 100.0 | 3311.7
       Dungeon |  55.3 |  55.8 |   0.0 |  66.7 |  24.2 | 1664.8
          Lair |  27.9 |  28.3 |   0.0 |   0.0 |  38.3 | 5711.5
        Shoals |  15.0 |  14.2 | 100.0 |  33.3 |  37.0 | 8277.0
  Orcish Mines |   1.7 |   1.8 |   0.0 |   0.0 |   0.4 | 197.5
               +-------+-------+-------+-------+-------+----------------------

Vault maps used:
D:1:      dpeg_arrival_lava_altar, minmay_octomino_e4
D:2:      nicolae_overflow_hidden_temple
D:3:      first_bread, uniq_robin, uniq_terence
D:4:      serial_shops, shop, minmay_misc_feat_columns, tgw_sif
D:5:      serial_shops, nicolae_shop_behind_doors, fedhas_altar_1
D:6:      minmay_temple_entry_purple_smoke, dk_yredelemnul_ordeal, uniq_sigmund
D:7:      serial_shops, shop, uniq_duvessa, uniq_prince_ribbit1,
          uniq_crazy_yiuf_cottage
D:9:      good_gods_mini_temple, nicolae_ashenzari_panopticon,
          lemuel_crystal_altar, the_bakery, nicolae_zen_rock_garden
D:10:     enter_trove_2, kennysheep_cross_room, minivault_7, uniq_josephine
D:11:     grunt_lair_entry_orc_guard_hut, serial_shops, shop_coins
D:12:     minmay_four_partial_circles, basic_loot_grate_trap, uniq_nessos,
          uniq_sonja
D:13:     lightli_fourway_metalbox, uniq_azrael, uniq_frances
Temple:   eino_narrow_crystal_temple
Lair:1:   grunt_megastairs_5
Lair:2:   minmay_shoals_entry_lonely_mermaid, spider_nest_entry_funnel_web,
          uniq_gastronok
Lair:3:   serial_bayou_lake_a
Lair:4:   st_stairs_5, grunt_forest_small_clearings
Lair:5:   lemuel_ratsnest, dpeg_slime_entry_enclosed_altar,
          minmay_stone_trees_small, uniq_urug
Lair:6:   minmay_lair_end_enchanted_forest, eino_house_with_fridge,
          lemuel_fruit_tree
Shoals:1: serial_shops, freezing_bzr
Shoals:2: nicolae_shoals_siren_and_animal_friends, uniq_louise
Shoals:4: shoals_end_grunt_ice, shoal_ilsuiw, serial_shops, shop
Orc:2:    st_orc_elflike
Bazaar:   bazaar_minmay_cross
